[ AOE2 MATCH · #474577968 ]
UnrankedGurjaras vs Wu
[ REPLAY ANALYSIS · EXTRACTED FROM THE RECORDED GAME ]
Feudal
8:26
Castle
19:49
Imperial
37:25
| APM avg | 85.2 |
| APM peak | 140 |
| eAPM avg | 50.8 |
| Villagers / military | 136 / 121 |
Focus
⚔️ 67.8% · 🌾 32.2%
Archer ×91 · Elephant Archer ×29 · Monk ×1
Feudal
9:18
Castle
22:48
Imperial
39:58
| APM avg | 85.6 |
| APM peak | 155 |
| eAPM avg | 15.2 |
| Villagers / military | 128 / 32 |
Focus
⚔️ 31.5% · 🌾 68.5%
Unknown (1944) ×85 · Scout Cavalry ×32
Feudal
8:51
Castle
21:49
Imperial
37:01
| APM avg | 69.2 |
| APM peak | 129 |
| eAPM avg | 20.0 |
| Villagers / military | 105 / 133 |
Focus
⚔️ 40.4% · 🌾 59.6%
Camel Scout ×115 · Scout Cavalry ×16 · Knight ×1 · Spearman ×1
Feudal
—
Castle
—
Imperial
—
| APM avg | 59.9 |
| APM peak | 113 |
| eAPM avg | 22.5 |
| Villagers / military | 157 / 108 |
Focus
⚔️ 35.1% · 🌾 64.9%
Knight ×80 · Scout Cavalry ×28
Feudal
8:51
Castle
23:55
Imperial
—
| APM avg | 81.9 |
| APM peak | 224 |
| eAPM avg | 18.9 |
| Villagers / military | 87 / 85 |
Focus
⚔️ 47.9% · 🌾 52.1%
Knight ×64 · Scout Cavalry ×20 · Monk ×1
Feudal
9:17
Castle
21:59
Imperial
—
| APM avg | 64.8 |
| APM peak | 107 |
| eAPM avg | 26.7 |
| Villagers / military | 128 / 123 |
Focus
⚔️ 35.3% · 🌾 64.7%
Archer ×120 · Militia ×3
Feudal
9:20
Castle
22:30
Imperial
35:24
| APM avg | 52.1 |
| APM peak | 104 |
| eAPM avg | 18.4 |
| Villagers / military | 91 / 174 |
Focus
⚔️ 43.3% · 🌾 56.7%
Archer ×174
Feudal
8:29
Castle
21:50
Imperial
37:02
| APM avg | 52.0 |
| APM peak | 89 |
| eAPM avg | 28.1 |
| Villagers / military | 114 / 161 |
Focus
⚔️ 43.2% · 🌾 56.8%
Archer ×111 · Skirmisher ×50
Match map
Initial resources + every placement click. Lines = walls · curves = elevation contours. ◆ gold · ⬟ stone · ● berries · ✦ relic · ◌ wall gap
Your base· ✓ Closed at 19:49 · 54t walls · 3 gate(s)
Pelopincho's base· ✓ Closed at 22:48 · 26t walls · no gate
ITA | Brain-rot's base· ✓ Closed at 21:49 · 34t walls · 2 gate(s)
HousedAt15's base· Open — unwalled flank
Montecristo's base· ✓ Closed at 23:55 · 51t walls · 1 gate(s)
Hoyall's base· Open — 5t gap
EoK_pr1ston's base· Open — 5t gap
Mac The Oliphant's base· Open — unwalled flank
Smoothed initial terrain · ◌ = detected wall gap · hover for details
Inputs per minute
— ITA | Killer - - Pelopincho
Build order — ITA | Killer
First 150 of 435 actions detected
| 0:00 | Create | Villager (Male) |
| 0:02 | Build | House |
| 0:03 | Build | House |
| 0:05 | Create | Villager (Male) |
| 0:07 | Create | Villager (Male) |
| 0:11 | Create | Villager (Male) |
| 0:11 | Create | Villager (Male) |
| 0:31 | Build | Mill |
| 1:07 | Build | House |
| 1:32 | Create | Villager (Male) |
| 1:32 | Create | Villager (Male) |
| 1:58 | Create | Villager (Male) |
| 2:22 | Create | Villager (Male) |
| 2:22 | Create | Villager (Male) |
| 2:39 | Create | Villager (Male) |
| 2:54 | Create | Villager (Male) |
| 3:08 | Create | Villager (Male) |
| 3:08 | Create | Villager (Male) |
| 3:37 | Create | Villager (Male) |
| 3:56 | Create | Villager (Male) |
| 3:56 | Create | Villager (Male) |
| 4:22 | Create | Villager (Male) |
| 4:22 | Create | Villager (Male) |
| 4:50 | Create | Villager (Male) |
| 4:54 | Create | Villager (Male) |
| 5:01 | Build | Lumber Camp |
| 5:43 | Create | Villager (Male) |
| 6:09 | Research | Feudal Age |
| 6:10 | Research | Feudal Age |
| 7:35 | Build | Barracks |
| 7:41 | Build | House |
| 7:46 | Create | Villager (Male) |
| 7:53 | Research | Loom |
| 8:26 | Age | Feudal Age |
| 8:30 | Build | Archery Range |
| 8:50 | Create | Villager (Male) |
| 8:52 | Build | Archery Range |
| 9:02 | Research | Double-Bit Axe |
| 9:02 | Research | Double-Bit Axe |
| 9:05 | Create | Villager (Male) |
| 9:16 | Create | Villager (Male) |
| 9:39 | Build | Mining Camp |
| 9:41 | Create | Villager (Male) |
| 10:00 | Build | Palisade Wall |
| 10:05 | Build | Palisade Gate |
| 10:07 | Build | House |
| 10:09 | Create | Villager (Male) |
| 10:09 | Create | Archer |
| 10:21 | Build | Palisade Wall |
| 10:22 | Build | Palisade Wall |
| 10:28 | Build | House |
| 10:31 | Build | Palisade Wall |
| 10:36 | Create | Villager (Male) |
| 10:41 | Create | Villager (Male) |
| 10:48 | Build | Palisade Gate |
| 10:52 | Build | House |
| 10:53 | Create | Villager (Male) |
| 10:54 | Create | Villager (Male) |
| 10:57 | Create | Villager (Male) |
| 11:14 | Build | Palisade Gate |
| 11:19 | Create | Villager (Male) |
| 11:25 | Create | Archer |
| 11:25 | Create | Archer |
| 11:35 | Create | Villager (Male) |
| 11:49 | Build | Blacksmith |
| 11:55 | Build | Blacksmith |
| 11:56 | Create | Villager (Male) |
| 11:57 | Create | Archer |
| 12:17 | Create | Villager (Male) |
| 12:23 | Create | Villager (Male) |
| 12:44 | Build | Palisade Wall |
| 12:45 | Build | House |
| 12:48 | Create | Villager (Male) |
| 12:49 | Create | Archer |
| 12:56 | Create | Villager (Male) |
| 13:00 | Build | House |
| 13:02 | Build | Palisade Wall |
| 13:05 | Build | Palisade Wall |
| 13:07 | Create | Archer |
| 13:07 | Create | Archer |
| 13:28 | Create | Villager (Male) |
| 13:29 | Create | Archer |
| 13:29 | Create | Archer |
| 13:34 | Research | Fletching |
| 13:34 | Research | Fletching |
| 13:35 | Create | Villager (Male) |
| 13:40 | Create | Villager (Male) |
| 13:43 | Build | Market |
| 13:46 | Build | House |
| 14:03 | Build | House |
| 14:05 | Build | Palisade Wall |
| 14:07 | Build | Palisade Wall |
| 14:07 | Build | Palisade Wall |
| 14:11 | Create | Villager (Male) |
| 14:11 | Create | Archer |
| 14:20 | Create | Archer |
| 14:29 | Create | Villager (Male) |
| 14:40 | Create | Archer |
| 14:55 | Create | Villager (Male) |
| 14:56 | Create | Archer |
| 15:00 | Create | Villager (Male) |
| 15:01 | Create | Archer |
| 15:02 | Build | Farm |
| 15:18 | Create | Villager (Male) |
| 15:18 | Create | Archer |
| 15:23 | Build | House |
| 15:25 | Build | Palisade Wall |
| 15:28 | Build | Palisade Wall |
| 15:35 | Create | Villager (Male) |
| 15:44 | Create | Villager (Male) |
| 15:44 | Create | Archer |
| 15:49 | Build | House |
| 15:50 | Build | House |
| 15:51 | Build | Palisade Wall |
| 15:59 | Create | Archer |
| 16:11 | Create | Villager (Male) |
| 16:17 | Create | Archer |
| 16:21 | Build | House |
| 17:09 | Research | Castle Age |
| 17:09 | Research | Castle Age |
| 17:12 | Create | Villager (Male) |
| 17:12 | Create | Archer |
| 17:17 | Create | Archer |
| 17:18 | Build | House |
| 17:20 | Build | House |
| 17:26 | Create | Archer |
| 17:31 | Create | Archer |
| 17:40 | Build | Palisade Wall |
| 17:42 | Build | Palisade Wall |
| 17:58 | Build | Palisade Wall |
| 17:59 | Build | Palisade Wall |
| 18:05 | Research | Horse Collar |
| 18:20 | Create | Villager (Male) |
| 18:39 | Create | Archer |
| 18:42 | Build | House |
| 18:49 | Build | House |
| 18:57 | Build | Lumber Camp |
| 19:00 | Create | Villager (Male) |
| 19:02 | Create | Archer |
| 19:03 | Research | Padded Archer Armor |
| 19:04 | Create | Villager (Male) |
| 19:05 | Create | Archer |
| 19:17 | Create | Archer |
| 19:34 | Build | Palisade Wall |
| 19:36 | Build | Palisade Wall |
| 19:44 | Build | Farm |
| 19:49 | Age | Castle Age |
| 19:50 | Research | Crossbowman (upgrade) |
| 19:51 | Research | Bodkin Arrow |
| 20:00 | Build | Farm |
Build order — Pelopincho
First 150 of 407 actions detected
| 0:01 | Create | Villager (Male) |
| 0:01 | Create | Villager (Male) |
| 0:01 | Create | Villager (Male) |
| 0:02 | Create | Villager (Male) |
| 0:03 | Build | House |
| 0:04 | Build | House |
| 1:30 | Create | Villager (Male) |
| 1:30 | Create | Villager (Male) |
| 1:57 | Build | Lumber Camp |
| 2:00 | Create | Villager (Male) |
| 2:00 | Create | Villager (Male) |
| 2:22 | Create | Villager (Male) |
| 2:23 | Create | Villager (Male) |
| 2:54 | Create | Villager (Male) |
| 2:54 | Create | Villager (Male) |
| 3:23 | Create | Villager (Male) |
| 3:23 | Create | Villager (Male) |
| 3:30 | Create | Villager (Male) |
| 3:30 | Create | Villager (Male) |
| 3:49 | Build | House |
| 4:01 | Create | Villager (Male) |
| 4:01 | Create | Villager (Male) |
| 4:38 | Create | Villager (Male) |
| 4:52 | Create | Villager (Male) |
| 5:21 | Create | Villager (Male) |
| 5:22 | Create | Villager (Male) |
| 5:31 | Build | Mill |
| 5:55 | Create | Villager (Male) |
| 6:28 | Research | Loom |
| 7:06 | Research | Feudal Age |
| 7:33 | Build | Barracks |
| 7:42 | Build | Palisade Wall |
| 7:54 | Build | Palisade Wall |
| 8:34 | Build | House |
| 8:41 | Build | Palisade Wall |
| 8:53 | Create | Villager (Male) |
| 9:18 | Age | Feudal Age |
| 9:21 | Build | Stable |
| 9:27 | Research | Double-Bit Axe |
| 9:29 | Research | Horse Collar |
| 9:32 | Create | Villager (Male) |
| 9:47 | Create | Villager (Male) |
| 9:52 | Build | House |
| 10:05 | Create | Scout Cavalry |
| 10:22 | Create | Villager (Male) |
| 10:25 | Build | Farm |
| 10:27 | Build | Farm |
| 10:34 | Create | Scout Cavalry |
| 10:35 | Create | Villager (Male) |
| 10:54 | Create | Scout Cavalry |
| 11:03 | Create | Villager (Male) |
| 11:09 | Create | Scout Cavalry |
| 11:16 | Build | Farm |
| 11:18 | Build | Farm |
| 11:25 | Build | House |
| 11:26 | Build | House |
| 11:34 | Create | Villager (Male) |
| 11:47 | Build | Farm |
| 11:48 | Build | Farm |
| 11:49 | Build | Farm |
| 11:54 | Create | Villager (Male) |
| 12:00 | Create | Scout Cavalry |
| 12:22 | Create | Scout Cavalry |
| 12:23 | Create | Villager (Male) |
| 12:30 | Build | Blacksmith |
| 12:31 | Build | House |
| 12:40 | Create | Scout Cavalry |
| 12:47 | Build | Farm |
| 12:48 | Build | Farm |
| 12:48 | Build | Farm |
| 12:48 | Build | Farm |
| 12:48 | Build | Farm |
| 12:52 | Create | Villager (Male) |
| 13:13 | Build | Farm |
| 13:13 | Build | Farm |
| 13:13 | Build | Farm |
| 13:13 | Build | Farm |
| 13:14 | Build | Farm |
| 13:14 | Build | Farm |
| 13:21 | Create | Villager (Male) |
| 13:22 | Create | Scout Cavalry |
| 13:38 | Create | Villager (Male) |
| 13:39 | Create | Scout Cavalry |
| 13:57 | Create | Villager (Male) |
| 14:01 | Build | Farm |
| 14:04 | Build | Mining Camp |
| 14:11 | Create | Scout Cavalry |
| 14:15 | Build | Farm |
| 14:15 | Build | Farm |
| 14:16 | Build | Farm |
| 14:16 | Build | Farm |
| 14:16 | Build | Farm |
| 14:20 | Create | Villager (Male) |
| 14:44 | Build | House |
| 14:46 | Build | House |
| 14:48 | Build | House |
| 14:53 | Create | Villager (Male) |
| 14:53 | Create | Scout Cavalry |
| 15:05 | Research | Scale Barding Armor |
| 15:15 | Build | Farm |
| 15:15 | Build | Farm |
| 15:15 | Build | Farm |
| 15:27 | Create | Scout Cavalry |
| 15:33 | Create | Villager (Male) |
| 15:48 | Create | Villager (Male) |
| 15:56 | Build | Farm |
| 15:56 | Build | Farm |
| 15:56 | Build | Farm |
| 15:56 | Build | Farm |
| 15:57 | Build | Farm |
| 16:01 | Create | Scout Cavalry |
| 16:13 | Create | Villager (Male) |
| 16:38 | Create | Scout Cavalry |
| 16:46 | Create | Villager (Male) |
| 16:47 | Build | Farm |
| 16:48 | Build | Farm |
| 16:48 | Build | Farm |
| 16:52 | Create | Villager (Male) |
| 16:58 | Build | Palisade Wall |
| 17:02 | Build | Palisade Wall |
| 17:07 | Research | Forging |
| 17:18 | Create | Villager (Male) |
| 17:40 | Research | Bloodlines |
| 17:43 | Create | Villager (Male) |
| 17:48 | Build | Farm |
| 17:49 | Build | Farm |
| 17:49 | Build | Farm |
| 18:01 | Research | Wheelbarrow |
| 18:19 | Create | Villager (Male) |
| 18:23 | Build | Farm |
| 18:23 | Build | Farm |
| 18:23 | Build | Farm |
| 18:24 | Build | Farm |
| 18:24 | Build | Farm |
| 18:24 | Build | Farm |
| 18:25 | Build | Farm |
| 18:25 | Build | Farm |
| 18:53 | Build | Lumber Camp |
| 19:37 | Create | Villager (Male) |
| 19:58 | Create | Villager (Male) |
| 20:08 | Research | Castle Age |
| 20:27 | Build | Lumber Camp |
| 21:52 | Build | Stable |
| 21:53 | Build | Stable |
| 22:00 | Create | Villager (Male) |
| 22:03 | Research | Gold Mining |
| 22:48 | Age | Castle Age |
| 22:50 | Research | Bow Saw |
| 22:50 | Research | Heavy Plow |
| 22:52 | Research | Gold Shaft Mining |
Build order — ITA | Brain-rot
First 150 of 385 actions detected
| 0:00 | Create | Villager (Male) |
| 0:01 | Create | Villager (Male) |
| 0:01 | Create | Villager (Male) |
| 0:03 | Build | House |
| 0:04 | Build | House |
| 0:12 | Create | Villager (Male) |
| 0:12 | Create | Villager (Male) |
| 1:34 | Create | Villager (Male) |
| 1:54 | Build | Lumber Camp |
| 2:02 | Create | Villager (Male) |
| 2:02 | Create | Villager (Male) |
| 2:07 | Create | Villager (Male) |
| 2:07 | Create | Villager (Male) |
| 2:45 | Create | Villager (Male) |
| 2:59 | Build | House |
| 3:20 | Create | Villager (Male) |
| 3:21 | Create | Villager (Male) |
| 3:28 | Create | Villager (Male) |
| 3:29 | Create | Villager (Male) |
| 3:47 | Create | Villager (Male) |
| 4:08 | Create | Villager (Male) |
| 4:34 | Create | Villager (Male) |
| 4:54 | Build | Mill |
| 5:15 | Create | Villager (Male) |
| 5:25 | Create | Villager (Male) |
| 5:26 | Research | Loom |
| 6:32 | Research | Feudal Age |
| 7:05 | Build | Barracks |
| 7:40 | Create | Villager (Male) |
| 8:08 | Build | House |
| 8:32 | Create | Villager (Male) |
| 8:51 | Age | Feudal Age |
| 8:56 | Build | Stable |
| 9:26 | Create | Villager (Male) |
| 9:31 | Build | House |
| 9:36 | Build | Palisade Gate |
| 9:38 | Create | Scout Cavalry |
| 9:42 | Research | Double-Bit Axe |
| 9:45 | Build | House |
| 9:47 | Build | Palisade Wall |
| 10:01 | Create | Villager (Male) |
| 10:03 | Create | Scout Cavalry |
| 10:12 | Build | House |
| 10:13 | Build | House |
| 10:15 | Research | Horse Collar |
| 10:16 | Create | Villager (Male) |
| 10:31 | Build | House |
| 10:33 | Build | Palisade Wall |
| 10:36 | Create | Villager (Male) |
| 10:38 | Build | Farm |
| 10:57 | Create | Villager (Male) |
| 10:59 | Build | Farm |
| 11:03 | Build | House |
| 11:05 | Build | Palisade Wall |
| 11:13 | Create | Scout Cavalry |
| 11:16 | Build | House |
| 11:17 | Build | Palisade Wall |
| 11:19 | Build | Palisade Wall |
| 11:37 | Build | Farm |
| 11:47 | Create | Scout Cavalry |
| 12:05 | Build | House |
| 12:12 | Create | Villager (Male) |
| 12:20 | Build | Farm |
| 12:26 | Create | Scout Cavalry |
| 12:37 | Create | Villager (Male) |
| 12:48 | Create | Villager (Male) |
| 12:50 | Build | Farm |
| 12:50 | Build | Farm |
| 12:50 | Build | Farm |
| 12:55 | Create | Villager (Male) |
| 13:00 | Build | Farm |
| 13:10 | Build | Farm |
| 13:21 | Create | Villager (Male) |
| 13:35 | Build | Farm |
| 13:38 | Create | Scout Cavalry |
| 13:38 | Create | Scout Cavalry |
| 13:43 | Build | House |
| 13:46 | Create | Villager (Male) |
| 14:01 | Create | Scout Cavalry |
| 14:06 | Create | Villager (Male) |
| 14:09 | Build | Farm |
| 14:27 | Build | Blacksmith |
| 14:43 | Create | Scout Cavalry |
| 14:58 | Build | Farm |
| 15:03 | Create | Villager (Male) |
| 15:08 | Build | Palisade Wall |
| 15:14 | Research | Scale Barding Armor |
| 15:19 | Create | Scout Cavalry |
| 15:24 | Create | Villager (Male) |
| 15:25 | Build | Farm |
| 15:27 | Build | Farm |
| 15:32 | Build | House |
| 15:43 | Build | Farm |
| 15:46 | Create | Villager (Male) |
| 15:54 | Create | Scout Cavalry |
| 16:08 | Build | Palisade Wall |
| 16:16 | Create | Scout Cavalry |
| 16:31 | Create | Villager (Male) |
| 16:37 | Create | Scout Cavalry |
| 16:48 | Build | Farm |
| 16:49 | Build | Farm |
| 17:03 | Create | Villager (Male) |
| 17:06 | Create | Spearman |
| 17:07 | Build | House |
| 17:09 | Build | House |
| 17:22 | Build | Mining Camp |
| 17:43 | Build | Palisade Wall |
| 18:00 | Create | Villager (Male) |
| 18:04 | Build | Farm |
| 18:06 | Build | Farm |
| 18:42 | Create | Villager (Male) |
| 18:45 | Build | Lumber Camp |
| 19:09 | Research | Castle Age |
| 19:35 | Build | Stable |
| 19:42 | Build | Gate |
| 19:47 | Create | Scout Cavalry |
| 19:51 | Research | Forging |
| 19:58 | Build | Stable |
| 20:05 | Create | Scout Cavalry |
| 20:08 | Create | Villager (Male) |
| 20:11 | Build | House |
| 20:13 | Build | House |
| 20:30 | Create | Villager (Male) |
| 20:42 | Create | Scout Cavalry |
| 21:16 | Create | Villager (Male) |
| 21:26 | Build | House |
| 21:27 | Build | House |
| 21:27 | Build | House |
| 21:30 | Create | Villager (Male) |
| 21:49 | Age | Castle Age |
| 22:03 | Research | Chain Barding Armor |
| 22:13 | Build | Town Center |
| 22:17 | Create | Camel Scout |
| 22:17 | Create | Camel Scout |
| 22:26 | Create | Knight |
| 22:31 | Create | Villager (Male) |
| 22:43 | Build | House |
| 22:47 | Create | Camel Scout |
| 22:47 | Create | Camel Scout |
| 22:49 | Create | Villager (Male) |
| 23:06 | Create | Villager (Male) |
| 23:14 | Build | Market |
| 23:16 | Create | Camel Scout |
| 23:16 | Create | Camel Scout |
| 23:17 | Create | Camel Scout |
| 23:17 | Create | Camel Scout |
| 23:17 | Create | Camel Scout |
| 23:17 | Create | Camel Scout |
| 23:29 | Create | Camel Scout |
| 23:29 | Create | Camel Scout |
Build order — HousedAt15
First 150 of 397 actions detected
| 0:00 | Create | Villager (Male) |
| 0:00 | Create | Villager (Male) |
| 0:01 | Create | Villager (Male) |
| 0:01 | Create | Villager (Male) |
| 0:01 | Create | Villager (Male) |
| 0:03 | Build | House |
| 0:04 | Build | House |
| 1:23 | Create | Villager (Male) |
| 1:23 | Create | Villager (Male) |
| 1:47 | Build | Lumber Camp |
| 1:54 | Create | Villager (Male) |
| 1:54 | Create | Villager (Male) |
| 2:17 | Create | Villager (Male) |
| 2:17 | Create | Villager (Male) |
| 2:45 | Create | Villager (Male) |
| 3:09 | Create | Villager (Male) |
| 3:32 | Create | Villager (Male) |
| 3:32 | Create | Villager (Male) |
| 3:36 | Create | Villager (Male) |
| 4:01 | Build | House |
| 4:04 | Build | House |
| 4:18 | Create | Villager (Male) |
| 4:28 | Build | House |
| 4:37 | Create | Villager (Male) |
| 4:52 | Build | Mill |
| 5:18 | Create | Villager (Male) |
| 5:40 | Create | Villager (Male) |
| 5:40 | Research | Loom |
| 6:37 | Research | Feudal Age |
| 7:12 | Build | Barracks |
| 7:43 | Create | Villager (Male) |
| 7:51 | Build | Palisade Wall |
| 8:57 | Build | Stable |
| 9:01 | Create | Villager (Male) |
| 9:20 | Build | Farm |
| 9:25 | Create | Villager (Male) |
| 9:29 | Build | House |
| 9:36 | Create | Scout Cavalry |
| 9:36 | Create | Scout Cavalry |
| 9:36 | Create | Scout Cavalry |
| 9:36 | Create | Scout Cavalry |
| 9:56 | Build | Blacksmith |
| 9:58 | Build | Farm |
| 10:05 | Create | Villager (Male) |
| 10:27 | Create | Villager (Male) |
| 10:28 | Build | Farm |
| 10:37 | Build | Palisade Wall |
| 10:39 | Build | Farm |
| 10:44 | Create | Villager (Male) |
| 11:00 | Create | Villager (Male) |
| 11:03 | Build | Farm |
| 11:13 | Create | Villager (Male) |
| 11:20 | Build | House |
| 11:34 | Build | Farm |
| 11:36 | Create | Villager (Male) |
| 11:38 | Research | Scale Barding Armor |
| 12:08 | Create | Villager (Male) |
| 12:16 | Build | Farm |
| 12:19 | Build | Farm |
| 12:22 | Build | House |
| 12:23 | Create | Scout Cavalry |
| 12:24 | Create | Scout Cavalry |
| 12:38 | Create | Scout Cavalry |
| 12:40 | Create | Villager (Male) |
| 12:40 | Create | Villager (Male) |
| 12:44 | Build | Farm |
| 12:45 | Create | Villager (Male) |
| 13:10 | Create | Villager (Male) |
| 13:11 | Build | Farm |
| 13:19 | Create | Scout Cavalry |
| 13:29 | Create | Scout Cavalry |
| 13:35 | Create | Scout Cavalry |
| 13:50 | Create | Villager (Male) |
| 13:51 | Create | Scout Cavalry |
| 14:00 | Create | Villager (Male) |
| 14:03 | Build | Stable |
| 14:06 | Create | Scout Cavalry |
| 14:07 | Create | Scout Cavalry |
| 14:21 | Research | Forging |
| 14:38 | Create | Scout Cavalry |
| 14:44 | Create | Villager (Male) |
| 14:44 | Create | Villager (Male) |
| 14:56 | Create | Scout Cavalry |
| 15:01 | Build | House |
| 15:02 | Create | Villager (Male) |
| 15:20 | Research | Wheelbarrow |
| 15:23 | Build | Farm |
| 15:25 | Build | House |
| 15:47 | Build | Farm |
| 15:48 | Create | Scout Cavalry |
| 15:48 | Create | Scout Cavalry |
| 16:01 | Create | Scout Cavalry |
| 16:03 | Create | Villager (Male) |
| 16:15 | Create | Villager (Male) |
| 16:20 | Create | Villager (Male) |
| 16:31 | Create | Scout Cavalry |
| 16:32 | Create | Villager (Male) |
| 16:39 | Create | Villager (Male) |
| 16:42 | Build | Farm |
| 16:43 | Build | Farm |
| 16:57 | Create | Scout Cavalry |
| 16:57 | Create | Scout Cavalry |
| 17:20 | Create | Villager (Male) |
| 17:23 | Build | House |
| 17:26 | Create | Scout Cavalry |
| 17:26 | Create | Scout Cavalry |
| 17:29 | Create | Villager (Male) |
| 17:34 | Build | Lumber Camp |
| 17:40 | Build | Farm |
| 18:00 | Create | Villager (Male) |
| 18:00 | Create | Scout Cavalry |
| 18:00 | Create | Scout Cavalry |
| 18:01 | Create | Villager (Male) |
| 18:04 | Build | Farm |
| 18:13 | Build | Mining Camp |
| 18:27 | Create | Scout Cavalry |
| 18:59 | Build | House |
| 19:01 | Build | House |
| 20:08 | Research | Castle Age |
| 20:08 | Research | Castle Age |
| 20:31 | Build | Lumber Camp |
| 20:36 | Build | House |
| 20:38 | Build | House |
| 20:40 | Build | Palisade Wall |
| 20:43 | Create | Scout Cavalry |
| 20:44 | Create | Villager (Male) |
| 21:22 | Build | Farm |
| 21:23 | Build | Farm |
| 21:37 | Build | Farm |
| 22:48 | Research | Chain Barding Armor |
| 22:48 | Research | Chain Barding Armor |
| 22:49 | Create | Knight |
| 22:50 | Create | Knight |
| 22:50 | Create | Knight |
| 22:51 | Create | Villager (Male) |
| 22:52 | Create | Villager (Male) |
| 22:54 | Build | Town Center |
| 22:56 | Create | Villager (Male) |
| 22:59 | Research | Double-Bit Axe |
| 23:26 | Create | Knight |
| 23:27 | Create | Knight |
| 23:28 | Create | Knight |
| 23:30 | Create | Villager (Male) |
| 23:31 | Create | Villager (Male) |
| 23:32 | Create | Villager (Male) |
| 23:41 | Research | Bow Saw |
| 23:41 | Create | Villager (Male) |
| 23:45 | Create | Knight |
| 23:45 | Create | Knight |
| 24:03 | Create | Villager (Male) |
Build order — Montecristo
First 150 of 296 actions detected
| 0:00 | Create | Villager (Male) |
| 0:01 | Create | Villager (Male) |
| 0:01 | Create | Villager (Male) |
| 0:01 | Create | Villager (Male) |
| 0:03 | Build | House |
| 0:04 | Build | House |
| 1:22 | Create | Villager (Male) |
| 1:22 | Create | Villager (Male) |
| 1:44 | Build | Lumber Camp |
| 1:50 | Create | Villager (Male) |
| 1:50 | Create | Villager (Male) |
| 2:09 | Create | Villager (Male) |
| 2:34 | Create | Villager (Male) |
| 2:34 | Create | Villager (Male) |
| 3:15 | Create | Villager (Male) |
| 3:26 | Create | Villager (Male) |
| 3:26 | Create | Villager (Male) |
| 3:46 | Create | Villager (Male) |
| 4:15 | Build | House |
| 4:30 | Create | Villager (Male) |
| 4:40 | Build | House |
| 4:52 | Create | Villager (Male) |
| 5:00 | Create | Villager (Male) |
| 5:07 | Create | Villager (Male) |
| 5:49 | Research | Loom |
| 6:17 | Build | Mill |
| 6:39 | Research | Feudal Age |
| 6:39 | Research | Feudal Age |
| 8:10 | Build | Barracks |
| 8:51 | Age | Feudal Age |
| 8:59 | Build | Stable |
| 9:02 | Build | House |
| 9:06 | Create | Villager (Male) |
| 9:22 | Create | Villager (Male) |
| 9:26 | Research | Double-Bit Axe |
| 9:30 | Create | Scout Cavalry |
| 9:30 | Create | Scout Cavalry |
| 9:39 | Create | Villager (Male) |
| 9:43 | Build | House |
| 9:51 | Build | House |
| 9:55 | Research | Horse Collar |
| 10:01 | Create | Villager (Male) |
| 10:16 | Build | House |
| 10:20 | Build | Palisade Wall |
| 10:32 | Build | Palisade Wall |
| 10:58 | Create | Villager (Male) |
| 11:14 | Create | Scout Cavalry |
| 11:15 | Create | Villager (Male) |
| 11:23 | Build | Farm |
| 11:24 | Build | Farm |
| 11:26 | Build | Farm |
| 11:36 | Create | Scout Cavalry |
| 11:44 | Build | Blacksmith |
| 12:00 | Build | Palisade Wall |
| 12:04 | Create | Villager (Male) |
| 12:19 | Create | Scout Cavalry |
| 12:24 | Create | Villager (Male) |
| 12:26 | Build | Farm |
| 12:27 | Build | Farm |
| 12:28 | Build | Farm |
| 12:29 | Build | Farm |
| 12:56 | Build | Farm |
| 13:03 | Create | Villager (Male) |
| 13:13 | Build | Palisade Wall |
| 13:20 | Create | Scout Cavalry |
| 13:21 | Create | Scout Cavalry |
| 13:44 | Create | Villager (Male) |
| 14:04 | Build | Farm |
| 14:05 | Build | Farm |
| 14:20 | Research | Scale Barding Armor |
| 14:26 | Build | Farm |
| 14:27 | Create | Villager (Male) |
| 14:35 | Create | Villager (Male) |
| 14:42 | Create | Villager (Male) |
| 14:44 | Build | Farm |
| 14:45 | Build | Farm |
| 14:52 | Create | Scout Cavalry |
| 14:56 | Build | Farm |
| 15:09 | Build | Palisade Wall |
| 15:19 | Research | Forging |
| 15:57 | Create | Villager (Male) |
| 16:06 | Create | Scout Cavalry |
| 16:12 | Research | Bloodlines |
| 16:26 | Build | Stable |
| 16:30 | Create | Villager (Male) |
| 16:33 | Create | Villager (Male) |
| 16:37 | Build | House |
| 16:39 | Build | House |
| 16:49 | Research | Town Watch |
| 16:59 | Create | Scout Cavalry |
| 16:59 | Create | Scout Cavalry |
| 17:03 | Build | Farm |
| 17:03 | Build | Farm |
| 17:04 | Build | Farm |
| 17:37 | Create | Scout Cavalry |
| 17:38 | Create | Scout Cavalry |
| 17:39 | Create | Villager (Male) |
| 17:48 | Build | House |
| 17:55 | Create | Scout Cavalry |
| 17:55 | Create | Scout Cavalry |
| 18:19 | Build | Farm |
| 18:19 | Create | Villager (Male) |
| 18:27 | Build | Mining Camp |
| 18:47 | Build | House |
| 18:53 | Build | Gate |
| 19:18 | Build | Farm |
| 19:18 | Create | Villager (Male) |
| 19:36 | Create | Villager (Male) |
| 20:00 | Build | Mining Camp |
| 20:16 | Create | Villager (Male) |
| 20:22 | Build | Market |
| 20:40 | Create | Villager (Male) |
| 21:15 | Research | Castle Age |
| 21:15 | Research | Castle Age |
| 22:00 | Create | Villager (Male) |
| 22:08 | Create | Scout Cavalry |
| 22:08 | Create | Scout Cavalry |
| 22:08 | Create | Scout Cavalry |
| 22:30 | Build | Farm |
| 22:30 | Build | Farm |
| 22:31 | Build | Farm |
| 22:32 | Build | Farm |
| 22:39 | Create | Scout Cavalry |
| 22:39 | Create | Scout Cavalry |
| 22:44 | Build | House |
| 22:59 | Build | House |
| 23:00 | Build | House |
| 23:55 | Age | Castle Age |
| 23:56 | Research | Light Cavalry (upgrade) |
| 23:56 | Research | Light Cavalry (upgrade) |
| 23:57 | Research | Husbandry |
| 24:04 | Research | Chain Barding Armor |
| 24:08 | Create | Knight |
| 24:09 | Create | Knight |
| 24:09 | Create | Knight |
| 24:10 | Create | Villager (Male) |
| 24:28 | Build | Town Center |
| 24:34 | Create | Knight |
| 24:34 | Create | Knight |
| 24:39 | Create | Villager (Male) |
| 24:49 | Create | Villager (Male) |
| 25:17 | Create | Knight |
| 25:17 | Create | Knight |
| 25:22 | Build | Farm |
| 26:07 | Create | Knight |
| 26:07 | Create | Knight |
| 26:08 | Create | Villager (Male) |
| 26:14 | Build | Farm |
| 26:46 | Create | Knight |
| 26:46 | Create | Knight |
Build order — Hoyall
First 150 of 360 actions detected
| 0:02 | Create | Villager (Male) ×4 |
| 0:02 | Create | Villager (Male) ×4 |
| 0:03 | Build | House |
| 0:04 | Build | House |
| 1:25 | Create | Villager (Male) |
| 1:25 | Create | Villager (Male) |
| 2:05 | Build | Lumber Camp |
| 2:05 | Create | Villager (Male) |
| 2:06 | Create | Villager (Male) |
| 2:19 | Create | Villager (Male) |
| 2:19 | Create | Villager (Male) |
| 2:52 | Create | Villager (Male) |
| 3:07 | Create | Villager (Male) |
| 3:07 | Create | Villager (Male) |
| 3:28 | Build | House |
| 3:36 | Create | Villager (Male) |
| 3:46 | Create | Villager (Male) |
| 3:46 | Create | Villager (Male) |
| 4:28 | Create | Villager (Male) |
| 4:28 | Create | Villager (Male) |
| 5:06 | Create | Villager (Male) |
| 5:26 | Build | Barracks |
| 5:38 | Create | Villager (Male) |
| 5:51 | Create | Villager (Male) |
| 6:21 | Research | Loom |
| 6:26 | Build | House |
| 6:28 | Build | Palisade Wall |
| 6:40 | Create | Villager (Male) |
| 7:07 | Research | Feudal Age |
| 7:08 | Research | Feudal Age |
| 7:43 | Create | Militia |
| 7:56 | Build | Lumber Camp |
| 8:16 | Create | Villager (Male) |
| 8:34 | Create | Militia |
| 8:40 | Build | House |
| 8:51 | Build | House |
| 8:57 | Create | Militia |
| 9:17 | Build | Mining Camp |
| 9:17 | Age | Feudal Age |
| 9:35 | Create | Villager (Male) |
| 9:55 | Build | Archery Range |
| 10:07 | Create | Villager (Male) |
| 10:15 | Build | Archery Range |
| 10:39 | Create | Villager (Male) |
| 10:40 | Create | Villager (Male) |
| 10:50 | Build | Blacksmith |
| 11:09 | Create | Archer |
| 11:14 | Create | Villager (Male) |
| 11:58 | Create | Villager (Male) |
| 12:03 | Build | Mill |
| 12:03 | Create | Villager (Male) |
| 12:08 | Create | Archer |
| 12:08 | Create | Archer |
| 12:20 | Create | Villager (Male) |
| 12:35 | Research | Fletching |
| 12:35 | Research | Fletching |
| 12:38 | Create | Archer |
| 12:38 | Create | Archer |
| 12:49 | Build | House |
| 12:58 | Create | Villager (Male) |
| 13:01 | Create | Archer |
| 13:01 | Create | Archer |
| 13:21 | Build | Mill |
| 13:27 | Create | Villager (Male) |
| 13:36 | Create | Villager (Male) |
| 13:51 | Create | Archer |
| 14:02 | Build | House |
| 14:12 | Create | Archer |
| 14:12 | Create | Archer |
| 14:13 | Create | Archer |
| 14:15 | Create | Villager (Male) |
| 14:15 | Create | Villager (Male) |
| 14:22 | Build | Farm |
| 14:35 | Create | Villager (Male) |
| 14:37 | Build | House |
| 14:44 | Create | Archer |
| 14:44 | Create | Archer |
| 15:00 | Create | Villager (Male) |
| 15:02 | Build | Farm |
| 15:04 | Create | Villager (Male) |
| 15:07 | Build | House |
| 15:12 | Create | Archer |
| 15:12 | Create | Archer |
| 15:12 | Create | Villager (Male) |
| 15:26 | Create | Archer |
| 15:32 | Research | Padded Archer Armor |
| 15:33 | Research | Padded Archer Armor |
| 15:35 | Create | Villager (Male) |
| 15:57 | Build | House |
| 15:59 | Build | House |
| 16:09 | Build | Market |
| 16:20 | Create | Villager (Male) |
| 16:26 | Create | Villager (Male) |
| 16:28 | Build | Farm |
| 16:30 | Build | Farm |
| 16:31 | Build | Farm |
| 16:34 | Build | Farm |
| 16:35 | Create | Archer |
| 16:35 | Create | Archer |
| 16:36 | Create | Archer |
| 16:36 | Create | Archer |
| 16:50 | Build | House |
| 16:56 | Build | House |
| 17:10 | Create | Archer |
| 17:10 | Create | Archer |
| 17:11 | Create | Villager (Male) |
| 17:37 | Create | Villager (Male) |
| 17:41 | Build | Farm |
| 17:51 | Create | Archer |
| 17:51 | Create | Archer |
| 17:54 | Build | Farm |
| 17:57 | Build | Farm |
| 18:11 | Create | Villager (Male) |
| 18:13 | Build | Farm |
| 18:16 | Build | House |
| 18:29 | Create | Villager (Male) |
| 18:43 | Build | House |
| 18:44 | Create | Archer |
| 18:44 | Create | Archer |
| 19:05 | Build | House |
| 19:06 | Build | House |
| 19:19 | Research | Castle Age |
| 19:20 | Research | Castle Age |
| 19:23 | Create | Archer |
| 19:23 | Create | Archer |
| 19:41 | Build | House |
| 19:54 | Create | Archer |
| 19:55 | Create | Archer |
| 19:55 | Create | Archer |
| 19:59 | Build | House |
| 20:01 | Build | House |
| 20:03 | Build | House |
| 20:04 | Build | House |
| 20:06 | Build | House |
| 20:07 | Create | Villager (Male) |
| 20:18 | Build | House |
| 20:45 | Create | Archer |
| 20:45 | Create | Archer |
| 20:52 | Build | House |
| 20:59 | Build | Lumber Camp |
| 21:28 | Build | House |
| 21:35 | Create | Archer |
| 21:35 | Create | Archer |
| 21:59 | Age | Castle Age |
| 22:17 | Research | Crossbowman (upgrade) |
| 22:17 | Research | Bodkin Arrow |
| 22:17 | Research | Bodkin Arrow |
| 22:18 | Create | Archer |
| 22:18 | Create | Archer |
| 22:21 | Create | Villager (Male) |
Build order — EoK_pr1ston
First 150 of 385 actions detected
| 0:01 | Research | Loom |
| 0:01 | Create | Villager (Male) |
| 0:02 | Create | Villager (Male) |
| 0:02 | Create | Villager (Male) |
| 0:03 | Build | House |
| 0:05 | Build | House |
| 1:25 | Create | Villager (Male) |
| 1:25 | Create | Villager (Male) |
| 2:09 | Create | Villager (Male) |
| 2:09 | Create | Villager (Male) |
| 2:09 | Create | Villager (Male) |
| 2:09 | Create | Villager (Male) |
| 2:13 | Build | Lumber Camp |
| 2:55 | Create | Villager (Male) |
| 2:56 | Create | Villager (Male) |
| 2:57 | Create | Villager (Male) |
| 3:30 | Build | House |
| 3:35 | Create | Villager (Male) |
| 3:35 | Create | Villager (Male) |
| 4:10 | Create | Villager (Male) |
| 4:10 | Create | Villager (Male) |
| 4:10 | Create | Villager (Male) |
| 5:05 | Create | Villager (Male) |
| 5:06 | Create | Villager (Male) |
| 5:06 | Create | Villager (Male) |
| 5:33 | Build | House |
| 5:41 | Create | Villager (Male) |
| 6:00 | Build | Mining Camp |
| 6:09 | Create | Villager (Male) |
| 6:44 | Create | Villager (Male) |
| 7:09 | Research | Feudal Age |
| 7:46 | Create | Villager (Male) |
| 7:46 | Create | Villager (Male) |
| 8:00 | Build | Barracks |
| 9:17 | Create | Villager (Male) |
| 9:20 | Age | Feudal Age |
| 9:27 | Build | Archery Range |
| 9:33 | Build | Archery Range |
| 9:44 | Research | Double-Bit Axe |
| 9:48 | Create | Villager (Male) |
| 10:12 | Create | Archer |
| 10:18 | Create | Villager (Male) |
| 10:28 | Create | Archer |
| 10:33 | Build | House |
| 10:37 | Build | House |
| 11:04 | Build | Blacksmith |
| 11:06 | Create | Archer |
| 11:12 | Create | Archer |
| 11:16 | Create | Villager (Male) |
| 11:34 | Create | Villager (Male) |
| 11:44 | Create | Archer |
| 11:49 | Build | House |
| 11:51 | Research | Fletching |
| 11:56 | Build | Palisade Wall |
| 11:58 | Build | Palisade Wall |
| 12:03 | Build | Palisade Wall |
| 12:04 | Build | Palisade Wall |
| 12:08 | Build | Palisade Wall |
| 12:11 | Build | Palisade Wall |
| 12:13 | Create | Archer |
| 12:13 | Create | Archer |
| 12:18 | Create | Villager (Male) |
| 12:36 | Build | Mill |
| 12:41 | Create | Archer |
| 12:41 | Create | Archer |
| 12:43 | Create | Villager (Male) |
| 12:59 | Create | Archer |
| 12:59 | Create | Villager (Male) |
| 13:11 | Create | Archer |
| 13:12 | Create | Villager (Male) |
| 13:17 | Research | Horse Collar |
| 13:29 | Build | House |
| 13:34 | Create | Archer |
| 13:34 | Create | Archer |
| 13:45 | Build | House |
| 14:00 | Build | House |
| 14:07 | Build | House |
| 14:14 | Research | Padded Archer Armor |
| 14:15 | Create | Villager (Male) |
| 14:19 | Build | House |
| 14:30 | Build | Farm |
| 14:35 | Build | Farm |
| 14:39 | Create | Archer |
| 14:40 | Create | Archer |
| 14:44 | Create | Villager (Male) |
| 14:54 | Build | Farm |
| 15:00 | Build | Farm |
| 15:03 | Create | Villager (Male) |
| 15:05 | Create | Archer |
| 15:05 | Create | Archer |
| 15:27 | Create | Villager (Male) |
| 15:29 | Build | Farm |
| 15:31 | Create | Archer |
| 15:32 | Create | Archer |
| 15:54 | Build | Farm |
| 15:58 | Create | Archer |
| 15:58 | Create | Archer |
| 16:00 | Create | Villager (Male) |
| 16:05 | Build | Farm |
| 16:08 | Build | Farm |
| 16:14 | Create | Villager (Male) |
| 16:32 | Build | Farm |
| 16:36 | Create | Villager (Male) |
| 16:41 | Build | Farm |
| 16:49 | Create | Villager (Male) |
| 16:51 | Create | Archer |
| 16:52 | Create | Archer |
| 17:07 | Create | Archer |
| 17:07 | Create | Archer |
| 17:36 | Create | Archer |
| 17:36 | Create | Archer |
| 17:43 | Create | Villager (Male) |
| 18:21 | Create | Villager (Male) |
| 18:25 | Build | Market |
| 18:29 | Create | Archer |
| 18:29 | Create | Archer |
| 18:30 | Create | Villager (Male) |
| 18:37 | Build | Farm |
| 18:53 | Build | Farm |
| 19:03 | Create | Archer |
| 19:09 | Build | House |
| 19:10 | Build | House |
| 19:11 | Build | House |
| 19:13 | Build | House |
| 19:13 | Build | House |
| 19:22 | Create | Villager (Male) |
| 19:50 | Research | Castle Age |
| 20:13 | Create | Archer |
| 20:14 | Create | Archer |
| 20:14 | Create | Archer |
| 20:57 | Create | Archer |
| 20:57 | Create | Archer |
| 20:59 | Create | Villager (Male) |
| 21:02 | Build | Archery Range |
| 21:58 | Create | Archer |
| 21:59 | Create | Archer |
| 22:00 | Create | Villager (Male) |
| 22:07 | Research | Gold Mining |
| 22:07 | Research | Gold Mining |
| 22:23 | Build | House |
| 22:25 | Create | Archer |
| 22:26 | Create | Archer |
| 22:26 | Create | Archer |
| 22:30 | Age | Castle Age |
| 22:33 | Research | Crossbowman (upgrade) |
| 22:34 | Research | Bodkin Arrow |
| 22:35 | Research | Bodkin Arrow |
| 22:39 | Build | University |
| 22:45 | Create | Archer |
| 23:02 | Build | Town Center |
Build order — Mac The Oliphant
First 150 of 400 actions detected
| 0:01 | Create | Villager (Male) |
| 0:02 | Create | Villager (Male) |
| 0:02 | Create | Villager (Male) |
| 0:03 | Build | House |
| 0:04 | Build | House |
| 0:17 | Create | Villager (Male) |
| 0:17 | Create | Villager (Male) |
| 1:30 | Create | Villager (Male) |
| 2:05 | Create | Villager (Male) |
| 2:30 | Create | Villager (Male) |
| 2:30 | Create | Villager (Male) |
| 2:30 | Create | Villager (Male) |
| 2:57 | Build | Settlement |
| 3:18 | Create | Villager (Male) |
| 3:18 | Create | Villager (Male) |
| 4:03 | Create | Villager (Male) |
| 4:18 | Create | Villager (Male) |
| 5:04 | Create | Villager (Male) |
| 5:06 | Create | Villager (Male) |
| 5:52 | Research | Loom |
| 5:53 | Research | Loom |
| 6:16 | Research | Feudal Age |
| 7:17 | Build | Settlement |
| 7:35 | Build | Barracks |
| 7:53 | Create | Villager (Male) |
| 8:29 | Age | Feudal Age |
| 8:43 | Build | Archery Range |
| 8:49 | Build | Archery Range |
| 8:53 | Create | Villager (Male) |
| 9:15 | Build | House |
| 9:16 | Build | House |
| 9:24 | Create | Villager (Male) |
| 9:38 | Create | Archer |
| 9:42 | Create | Archer |
| 9:45 | Create | Villager (Male) |
| 10:04 | Create | Archer |
| 10:04 | Create | Archer |
| 10:10 | Create | Villager (Male) |
| 10:14 | Build | House |
| 10:45 | Create | Archer |
| 11:05 | Create | Archer |
| 11:05 | Create | Archer |
| 11:10 | Create | Villager (Male) |
| 11:19 | Build | House |
| 11:19 | Create | Villager (Male) |
| 11:20 | Create | Archer |
| 11:20 | Create | Archer |
| 11:29 | Create | Archer |
| 11:43 | Create | Villager (Male) |
| 11:55 | Create | Villager (Male) |
| 11:58 | Create | Archer |
| 12:06 | Build | House |
| 12:17 | Build | Blacksmith |
| 12:27 | Create | Archer |
| 12:27 | Create | Villager (Male) |
| 12:49 | Create | Archer |
| 13:06 | Build | Palisade Wall |
| 13:06 | Create | Villager (Male) |
| 13:19 | Create | Archer |
| 13:24 | Create | Villager (Male) |
| 13:42 | Create | Archer |
| 13:52 | Create | Villager (Male) |
| 13:55 | Create | Archer |
| 13:58 | Build | Palisade Wall |
| 14:17 | Build | Settlement |
| 14:19 | Create | Villager (Male) |
| 14:27 | Create | Archer |
| 14:41 | Build | Palisade Wall |
| 14:44 | Create | Villager (Male) |
| 14:48 | Build | House |
| 14:57 | Create | Villager (Male) |
| 14:58 | Create | Archer |
| 14:58 | Create | Archer |
| 15:04 | Research | Fletching |
| 15:04 | Research | Fletching |
| 15:20 | Build | House |
| 15:25 | Create | Archer |
| 15:35 | Research | Double-Bit Axe |
| 15:56 | Create | Villager (Male) |
| 15:57 | Create | Archer |
| 16:10 | Create | Archer |
| 16:14 | Build | Farm |
| 16:14 | Create | Villager (Male) |
| 16:24 | Create | Archer |
| 16:27 | Build | Farm |
| 16:38 | Build | Farm |
| 16:52 | Create | Archer |
| 16:53 | Create | Villager (Male) |
| 16:56 | Build | Farm |
| 17:00 | Build | Farm |
| 17:03 | Create | Archer |
| 17:06 | Create | Archer |
| 17:25 | Create | Archer |
| 17:29 | Create | Archer |
| 17:30 | Create | Villager (Male) |
| 17:38 | Build | Farm |
| 17:45 | Create | Villager (Male) |
| 17:47 | Build | Farm |
| 18:15 | Create | Archer |
| 18:19 | Create | Villager (Male) |
| 18:22 | Build | Farm |
| 18:29 | Build | Farm |
| 18:44 | Create | Archer |
| 19:10 | Research | Castle Age |
| 19:10 | Research | Castle Age |
| 19:20 | Build | House |
| 19:24 | Create | Archer |
| 19:29 | Build | Archery Range |
| 19:39 | Research | Padded Archer Armor |
| 19:45 | Research | Horse Collar |
| 19:45 | Research | Horse Collar |
| 19:51 | Build | House |
| 20:09 | Create | Archer |
| 20:14 | Research | Gold Mining |
| 20:18 | Create | Archer |
| 20:37 | Create | Villager (Male) |
| 20:38 | Create | Archer |
| 20:40 | Build | Farm |
| 20:54 | Create | Archer |
| 21:09 | Build | Settlement |
| 21:11 | Create | Archer |
| 21:22 | Create | Archer |
| 21:26 | Create | Villager (Male) |
| 21:34 | Create | Archer |
| 21:50 | Age | Castle Age |
| 21:53 | Research | Bodkin Arrow |
| 22:01 | Research | Crossbowman (upgrade) |
| 22:01 | Research | Crossbowman (upgrade) |
| 22:08 | Create | Villager (Male) |
| 22:20 | Create | Archer |
| 22:21 | Create | Archer |
| 22:33 | Build | Town Center |
| 22:34 | Create | Villager (Male) |
| 22:44 | Create | Archer |
| 22:52 | Build | Farm |
| 22:54 | Build | Farm |
| 22:54 | Create | Villager (Male) |
| 23:05 | Create | Archer |
| 23:12 | Build | Farm |
| 23:15 | Build | Farm |
| 23:33 | Create | Archer |
| 23:34 | Create | Villager (Male) |
| 23:35 | Create | Villager (Male) |
| 23:37 | Create | Archer |
| 23:37 | Create | Archer |
| 23:37 | Create | Archer |
| 23:38 | Create | Archer |
| 23:55 | Create | Archer |
| 24:06 | Create | Villager (Male) |
| 24:10 | Build | University |
Match timeline
| 5:26 | Hoyall · first_building Barracks |
| 6:28 | Hoyall · wall_segment Palisade Wall x8 |
| 7:05 | ITA | Brain-rot · first_building Barracks |
| 7:12 | HousedAt15 · first_building Barracks |
| 7:33 | Pelopincho · first_building Barracks |
| 7:35 | Mac The Oliphant · first_building Barracks |
| 7:35 | ITA | Killer · first_building Barracks |
| 7:42 | Pelopincho · wall_segment Palisade Wall x1 |
| 7:51 | HousedAt15 · wall_segment Palisade Wall x3 |
| 7:54 | Pelopincho · wall_segment Palisade Wall x1 |
| 8:00 | EoK_pr1ston · first_building Barracks |
| 8:10 | Montecristo · first_building Barracks |
| 8:26 | ITA | Killer · age_up feudal |
| 8:29 | Mac The Oliphant · age_up feudal |
| 8:30 | ITA | Killer · first_building Archery Range |
| 8:41 | Pelopincho · wall_segment Palisade Wall x1 |
| 8:43 | Mac The Oliphant · first_building Archery Range |
| 8:51 | ITA | Brain-rot · age_up feudal |
| 8:51 | Montecristo · age_up feudal |
| 8:56 | ITA | Brain-rot · first_building Stable |
| 8:57 | HousedAt15 · first_building Stable |
| 8:59 | Montecristo · first_building Stable |
| 9:17 | Hoyall · age_up feudal |
| 9:18 | Pelopincho · age_up feudal |
| 9:20 | EoK_pr1ston · age_up feudal |
| 9:21 | Pelopincho · first_building Stable |
| 9:27 | EoK_pr1ston · first_building Archery Range |
| 9:47 | ITA | Brain-rot · wall_segment Palisade Wall x5 |
| 9:55 | Hoyall · first_building Archery Range |
| 10:00 | ITA | Killer · wall_segment Palisade Wall x1 |
| 10:20 | Montecristo · wall_segment Palisade Wall x1 |
| 10:21 | ITA | Killer · wall_segment Palisade Wall x1 |
| 10:22 | ITA | Killer · wall_segment Palisade Wall x1 |
| 10:31 | ITA | Killer · wall_segment Palisade Wall x1 |
| 10:32 | Montecristo · wall_segment Palisade Wall x14 |
| 10:33 | ITA | Brain-rot · wall_segment Palisade Wall x6 |
| 10:37 | HousedAt15 · wall_segment Palisade Wall x12 |
| 11:05 | ITA | Brain-rot · wall_segment Palisade Wall x5 |
| 11:17 | ITA | Brain-rot · wall_segment Palisade Wall x1 |
| 11:19 | ITA | Brain-rot · wall_segment Palisade Wall x8 |
| 11:56 | EoK_pr1ston · wall_segment Palisade Wall x2 |
| 11:58 | EoK_pr1ston · wall_segment Palisade Wall x4 |
| 12:00 | Montecristo · wall_segment Palisade Wall x7 |
| 12:03 | EoK_pr1ston · wall_segment Palisade Wall x5 |
| 12:04 | EoK_pr1ston · wall_segment Palisade Wall x1 |
| 12:08 | EoK_pr1ston · wall_segment Palisade Wall x2 |
| 12:11 | EoK_pr1ston · wall_segment Palisade Wall x10 |
| 12:44 | ITA | Killer · wall_segment Palisade Wall x1 |
| 13:02 | ITA | Killer · wall_segment Palisade Wall x8 |
| 13:05 | ITA | Killer · wall_segment Palisade Wall x7 |
| 13:06 | Mac The Oliphant · wall_segment Palisade Wall x9 |
| 13:13 | Montecristo · wall_segment Palisade Wall x13 |
| 13:58 | Mac The Oliphant · wall_segment Palisade Wall x1 |
| 14:05 | ITA | Killer · wall_segment Palisade Wall x4 |
| 14:07 | ITA | Killer · wall_segment Palisade Wall x4 |
| 14:07 | ITA | Killer · wall_segment Palisade Wall x6 |
| 14:41 | Mac The Oliphant · wall_segment Palisade Wall x4 |
| 15:08 | ITA | Brain-rot · wall_segment Palisade Wall x7 |
| 15:09 | Montecristo · wall_segment Palisade Wall x16 |
| 15:25 | ITA | Killer · wall_segment Palisade Wall x6 |
| 15:28 | ITA | Killer · wall_segment Palisade Wall x7 |
| 15:51 | ITA | Killer · wall_segment Palisade Wall x1 |
| 16:08 | ITA | Brain-rot · wall_segment Palisade Wall x1 |
| 16:27 | ITA | Killer · first_market_sell 100 stone |
| 16:43 | ITA | Killer · first_market_buy 100 food |
| 16:58 | Pelopincho · wall_segment Palisade Wall x11 |
| 17:02 | Pelopincho · wall_segment Palisade Wall x12 |
| 17:40 | ITA | Killer · wall_segment Palisade Wall x1 |
| 17:42 | ITA | Killer · wall_segment Palisade Wall x1 |
| 17:43 | ITA | Brain-rot · wall_segment Palisade Wall x1 |
| 17:58 | ITA | Killer · wall_segment Palisade Wall x1 |
| 17:59 | ITA | Killer · wall_segment Palisade Wall x1 |
| 19:34 | ITA | Killer · wall_segment Palisade Wall x3 |
| 19:36 | ITA | Killer · wall_segment Palisade Wall x1 |
| 19:47 | EoK_pr1ston · first_market_sell 100 wood |
| 19:48 | EoK_pr1ston · first_market_buy 100 food |
| 19:49 | ITA | Killer · age_up castle |
| 20:40 | HousedAt15 · wall_segment Palisade Wall x3 |
| 21:49 | ITA | Brain-rot · age_up castle |
| 21:50 | Mac The Oliphant · age_up castle |
| 21:59 | Hoyall · age_up castle |
| 22:30 | EoK_pr1ston · age_up castle |
| 22:48 | Pelopincho · age_up castle |
| 23:55 | Montecristo · age_up castle |
| 24:02 | Montecristo · first_market_buy 100 food |
| 24:18 | ITA | Brain-rot · first_market_sell 100 wood |
| 24:22 | ITA | Brain-rot · first_market_buy 100 stone |
| 24:44 | Pelopincho · wall_segment Palisade Wall x1 |
| 26:24 | Pelopincho · wall_segment Palisade Wall x1 |
| 26:26 | Pelopincho · wall_segment Palisade Wall x1 |
| 27:04 | Hoyall · first_market_sell 100 food |
| 29:03 | ITA | Killer · wall_segment Palisade Wall x1 |
| 30:52 | Hoyall · wall_segment Palisade Wall x2 |
| 30:55 | EoK_pr1ston · first_building Monastery |
| 32:11 | Montecristo · first_market_sell 100 food |
| 32:12 | ITA | Brain-rot · first_building Monastery |
| 32:32 | ITA | Killer · wall_segment Palisade Wall x1 |
| 32:33 | Mac The Oliphant · first_building Siege Workshop |
| 33:29 | ITA | Killer · first_building Monastery |
| 33:49 | Mac The Oliphant · first_market_sell 100 food |
| 34:32 | Pelopincho · first_building Monastery |
| 35:03 | ITA | Killer · first_building Stable |
| 35:24 | EoK_pr1ston · age_up imperial |
| 35:44 | Mac The Oliphant · first_market_buy 100 wood |
| 35:53 | Hoyall · first_building Castle |
| 36:44 | Pelopincho · first_market_sell 100 wood |
| 36:49 | HousedAt15 · first_market_sell 100 wood |
| 37:01 | ITA | Brain-rot · age_up imperial |
| 37:02 | Mac The Oliphant · age_up imperial |
| 37:14 | HousedAt15 · first_building Monastery |
| 37:25 | ITA | Killer · age_up imperial |
| 38:29 | ITA | Killer · first_building Castle |
| 38:49 | HousedAt15 · first_building Castle |
| 39:23 | Montecristo · first_building Monastery |
| 39:31 | ITA | Brain-rot · first_building Castle |
| 39:36 | HousedAt15 · resign |
| 39:58 | Pelopincho · age_up imperial |
[ AI ANALYSIS · 1 CREDIT ]
What really happened in this match?
Wolo.gg analyzes every decision: build order, eco, micro, common mistakes by bracket. Personalized analysis on WhatsApp or Discord in 30 seconds.
Civ guide
Gurjaras
Perfil
Jugador #15178088